 Dungeon Crawl Stone Soup version 0.29.1-15-g9cfb28693d (webtiles) character file.

Game seed: 5625031255925091913

25 Peloso the Trooper (level 2, 0/27 HPs)
             Began as a Minotaur Fighter on Mar 4, 2023.
             Slain by Sigmund
             ... wielding a +0 scythe
              (7 damage)
             ... on level 2 of the Dungeon.
             The game lasted 00:02:50 (824 turns).

Peloso the Trooper (Minotaur Fighter)                Turns: 824, Time: 00:02:51

Health: 0/27       AC:  9    Str: 20    XL:     2   Next: 86%
Magic:  1/1        EV:  7    Int:  5    God:
Gold:   39         SH:  4    Dex:  9    Spells: 1/1 levels left

rFire   . . .      SeeInvis .   a - +0 long sword
rCold   . . .      Faith    .   d - +0 buckler
rNeg    . . .      Spirit   .   i - +0 chain mail
rPois   .          Reflect  .   (helmet restricted)
rElec   .          Harm     .   (no cloak)
rCorr   .          Rampage  .   (no gloves)
Will    .....                   (no boots)
Stlth   ..........              g - amulet of regeneration
HPRegen 0.89/turn               (no ring)
MPRegen 0.07/turn               (no ring)

@: no status effects
A: horns 2, retaliatory headbutt
a: no special abilities


You were on level 2 of the Dungeon.
You visited 1 branch of the dungeon, and saw 2 of its levels.

You collected 39 gold pieces.

Inventory:

Hand Weapons
 a - a +0 long sword (weapon)
Armour
 b - a +0 scale mail
 d - a +0 buckler (worn)
 i - a +0 chain mail (worn)
Magical Staves
 c - a staff of fire
Jewellery
 g - an amulet of regeneration (around neck)
Scrolls
 e - 3 scrolls of identify {unknown}
Potions
 f - 3 potions of might
 h - a potion of brilliance {unknown}


   Skills:
 + Level 4.1 Fighting
 + Level 2.9 Long Blades
 + Level 4.0 Armour
 + Level 0.1 Dodging
 + Level 3.9 Shields


You had one spell level left.
You didn't know any spells.
Your spell library was empty.

Dungeon Overview and Level Annotations

Branches:
Dungeon (2/15)

Altars:

Annotations:
D:2 Sigmund


Innate Abilities, Weirdness & Mutations

You have a pair of horns on your head.
You reflexively headbutt those who attack you in melee.


Message History

Sigmund points at you and mumbles some strange words.
You resist with significant effort.
You hit Sigmund. Your headbutt misses Sigmund.
Sigmund is heavily wounded.
Sigmund flickers, as though insubstantial.
Sigmund hits you with a +0 scythe.
You closely miss Sigmund.
Sigmund is heavily wounded.
Sigmund hits you with a +0 scythe.
You closely miss Sigmund.
Sigmund is heavily wounded.
Sigmund hits you with a +0 scythe.
You barely miss Sigmund.
Sigmund is heavily wounded.
Sigmund gestures at you while chanting.
You are confused.
You bump into the rock wall.
Sigmund barely misses you.
You hit Sigmund. Your headbutt misses Sigmund.
Sigmund is heavily wounded.
Sigmund barely misses you.
You bump into the rock wall.
You hit Sigmund. Your headbutt misses Sigmund.
Sigmund is severely wounded.
Sigmund hits you with a +0 scythe.
You're too confused to move!
Sigmund hits you but does no damage.
You hit Sigmund but do no damage.
Sigmund is severely wounded.
You feel less confused.
A quokka comes into view.
Sigmund hits you with a +0 scythe!
* * * LOW HITPOINT WARNING * * *
You hit Sigmund.
Sigmund is almost dead.
Sigmund barely misses you.
You hit Sigmund.
Sigmund is almost dead.
You barely miss Sigmund. Your headbutt misses Sigmund.
Sigmund is almost dead.
Sigmund hits you with a +0 scythe!
You die...

#.. #..# #..#
#..# #.># #..#
.#
#.#####..####..#
#.........@@r.#
#####..####.#
#[.# ###..#.##
#.......#
#.#####.... #.#
### #.# .# #.#
.#


You could see Sigmund and a quokka.

Vanquished Creatures
  A gnoll (D:1)
  A hobgoblin (D:1)
  A quokka (D:1)
  2 ball pythons (D:1)
  4 bats
  2 frilled lizards (D:1)
  2 kobolds (D:1)
  4 rats (D:1)
17 creatures vanquished.

Notes
Turn   | Place    | Note
-------+----------+-------------------------------------------
     0 | D:1      | Peloso the Minotaur Fighter began the quest for the Orb.
     0 | D:1      | Reached XP level 1. HP: 19/19 MP: 0/0
   425 | D:1      | Reached XP level 2. HP: 27/27 MP: 1/1
   803 | D:2      | Noticed Sigmund
   824 | D:2      | Slain by Sigmund

Illustrated notes

Levels and vault maps discovered:
D:1:      lightli_arrival_quake, layout_loops_cross, serial_park_tiny_2
D:2:      layout_loops_ring, uniq_sigmund, uniq_crazy_yiuf_cottage

Skill      XL: |  1  2 |
---------------+-------+-----
Fighting       | 4 |  4.1
Armour         | 4 |  4.0
Long Blades    | |  2.9
Dodging        | |  0.1
Shields        | |  3.9

Action                   || total
-------------------------++-------
Melee: Long sword        ||    45
       Headbutt          ||     6
Armor: Scale mail        ||    17
       Chain mail        ||    17
Dodge: Dodged            ||    27
Block: Buckler           ||    11
